EL
ERIE SEAWOLVES @ TRENTON THUNDER
06/13/2048
 
TOP OF THE 1ST
Erie SeaWolves batting - Pitching for Trenton Thunder : RHP Aneirin Cadwallader
Pitching: RHP Aneirin Cadwallader
Batting: RHB Eric Angelle 0-0: Ball
1-0: Swinging Strike
1-1: Ball
2-1: Ball
3-1: Swinging Strike
3-2: DOUBLE (Line Drive, 7LM, EV 110.0 MPH)
Batting: RHB Carlos Armenteros 0-0: Ball
1-0: Foul Ball, location: 2F
1-1: Swinging Strike
1-2: Ball
2-2: Strikes out swinging
Batting: RHB John Evancho 0-0: Called Strike
0-1: Ball
1-1: Swinging Strike
1-2: Ball
2-2: SINGLE (Groundball, 4M, EV 111.2 MPH) (infield hit)
Eric Angelle to third
Batting: RHB Benny O'Connor 0-0: Ball
1-0: Called Strike
1-1: Grounds into double play, 4-6-3 (Groundball, 4, EV 88.8 MPH)
Top of the 1st over - 0 runs, 2 hits, 0 errors, 1 left on base; Erie 0 - Trenton 0
BOTTOM OF THE 1ST
Trenton Thunder batting - Pitching for Erie SeaWolves : RHP Adam Huemmer
Pitching: RHP Adam Huemmer
Batting: RHB Phil Reeves 0-0: Ball
1-0: Foul Ball, location: 2F
1-1: Ball
2-1: Ball
3-1: Foul Ball, location: 2F
3-2: Strikes out looking
Batting: RHB Tim Osborn 0-0: Called Strike
0-1: Ball
1-1: Ground out 6-3 (Groundball, 6M, EV 86.2 MPH)
Batting: LHB Jared Zulkowski 0-0: Swinging Strike
0-1: Foul Ball, location: 2F
0-2: Ball
1-2: Strikes out swinging
Bottom of the 1st over - 0 runs, 0 hits, 0 errors, 0 left on base; Erie 0 - Trenton 0
TOP OF THE 2ND
Erie SeaWolves batting - Pitching for Trenton Thunder : RHP Aneirin Cadwallader
Batting: LHB Nick Nino 0-0: Called Strike
0-1: Ball
1-1: Ground out 5-3 (Groundball, 5, EV 83.8 MPH)
Batting: RHB Tanner Purchase 0-0: Swinging Strike
0-1: Ball
1-1: Called Strike
1-2: Ball
2-2: Ball
3-2: Strikes out looking
Batting: RHB Jose Evangelista 0-0: Ball
1-0: Foul Ball, location: 2F
1-1: Fly out, F3 (Line Drive, 3, EV 68.8 MPH)
Top of the 2nd over - 0 runs, 0 hits, 0 errors, 0 left on base; Erie 0 - Trenton 0
BOTTOM OF THE 2ND
Trenton Thunder batting - Pitching for Erie SeaWolves : RHP Adam Huemmer
Batting: SHB David Stewart 0-0: Ball
1-0: Ball
2-0: Foul Ball, location: 2F
2-1: Called Strike
2-2: Strikes out looking
Batting: SHB Houston Phillips 0-0: Ball
1-0: Ball
2-0: Ball
3-0: Called Strike
3-1: Ground out U3 (Groundball, 3, EV 103.1 MPH)
Batting: RHB Javier Umanzor 0-0: Ball
1-0: SINGLE (Line Drive, 56D, EV 108.8 MPH)
Batting: RHB Christian Shearer 0-0: Swinging Strike
0-1: Ground out 4-3 (Groundball, 4, EV 84.4 MPH)
Bottom of the 2nd over - 0 runs, 1 hit, 0 errors, 1 left on base; Erie 0 - Trenton 0
TOP OF THE 3RD
Erie SeaWolves batting - Pitching for Trenton Thunder : RHP Aneirin Cadwallader
Batting: RHB Willie Ochoa 0-0: Foul Ball, location: 2F
0-1: Swinging Strike
0-2: Ball
1-2: Strikes out swinging
Batting: RHB Mike Sebastian 0-0: Ball
1-0: Ball
2-0: Called Strike
2-1: Swinging Strike
2-2: Ball
3-2: Strikes out looking
Batting: RHB Eric Angelle 0-0: SINGLE (Line Drive, 7S, EV 97.5 MPH)
Batting: RHB Carlos Armenteros 0-0: Ball
1-0: Ball
2-0: Fly out, F9 (Line Drive, 9S, EV 95.6 MPH)
Top of the 3rd over - 0 runs, 1 hit, 0 errors, 1 left on base; Erie 0 - Trenton 0
BOTTOM OF THE 3RD
Trenton Thunder batting - Pitching for Erie SeaWolves : RHP Adam Huemmer
Batting: RHB Nazeeh Zubair 0-0: Called Strike
0-1: Foul Ball, location: 2F
0-2: Ball
1-2: Ball
2-2: Ball
3-2: Foul Ball, location: 2F
3-2: Fly out, F7 (Line Drive, 7LM, EV 86.2 MPH)
Batting: RHB Ben Kidder 0-0: Called Strike
0-1: Ball
1-1: Swinging Strike
1-2: Foul Ball, location: 2F
1-2: Strikes out swinging
Batting: RHB Phil Reeves 0-0: Called Strike
0-1: Called Strike
0-2: Ball
1-2: Ball
2-2: Ground out 5-3 (Groundball, 56, EV 90.6 MPH)
Bottom of the 3rd over - 0 runs, 0 hits, 0 errors, 0 left on base; Erie 0 - Trenton 0
TOP OF THE 4TH
Erie SeaWolves batting - Pitching for Trenton Thunder : RHP Aneirin Cadwallader
Batting: RHB John Evancho 0-0: Ball
1-0: Ground out 6-3 (Groundball, 6, EV 108.8 MPH)
Batting: RHB Benny O'Connor 0-0: Ball
1-0: Ball
2-0: Ball
3-0: Hit by Pitch
Batting: LHB Nick Nino 0-0: Ball
1-0: Fielders Choice at 2nd, 3-6 (Groundball, 3, EV 81.9 MPH)
Batting: RHB Tanner Purchase 0-0: Ball
1-0: Fly out, F8 (Flyball, 8LM, EV 89.4 MPH)
Top of the 4th over - 0 runs, 0 hits, 0 errors, 1 left on base; Erie 0 - Trenton 0
BOTTOM OF THE 4TH
Trenton Thunder batting - Pitching for Erie SeaWolves : RHP Adam Huemmer
Batting: RHB Tim Osborn 0-0: Swinging Strike
0-1: Ball
1-1: Ball
2-1: Ball
3-1: Base on Balls
Batting: LHB Jared Zulkowski 0-0: Ball
1-0: Ball
2-0: Foul Ball, location: 2F
2-1: Foul Ball, location: 2F
2-2: Strikes out swinging
Batting: SHB David Stewart 0-0: Ball
1-0: Called Strike
1-1: Swinging Strike
1-2: Foul Ball, location: 2F
1-2: Strikes out looking
Batting: SHB Houston Phillips 0-0: Ball
1-0: Ball
2-0: Ground out 4-3 (Groundball, 34, EV 83.1 MPH)
Bottom of the 4th over - 0 runs, 0 hits, 0 errors, 1 left on base; Erie 0 - Trenton 0
TOP OF THE 5TH
Erie SeaWolves batting - Pitching for Trenton Thunder : RHP Aneirin Cadwallader
Batting: RHB Jose Evangelista 0-0: Ball
1-0: Called Strike
1-1: Foul Ball, location: 2F
1-2: Foul Ball, location: 2F
1-2: Ground out 5-3 (Groundball, 5S, EV 71.2 MPH)
Batting: RHB Willie Ochoa 0-0: Called Strike
0-1: Ball
1-1: Called Strike
1-2: DOUBLE (Flyball, 8RD, EV 94.4 MPH)
Batting: RHB Mike Sebastian 0-0: Ball
1-0: Called Strike
1-1: Ball
2-1: Ground out 6-3 (Groundball, 6, EV 101.2 MPH)
Batting: RHB Eric Angelle 0-0: Ball
1-0: Called Strike
1-1: Fly out, F7 (Flyball, 7LSF, EV 76.2 MPH)
Top of the 5th over - 0 runs, 1 hit, 0 errors, 1 left on base; Erie 0 - Trenton 0
BOTTOM OF THE 5TH
Trenton Thunder batting - Pitching for Erie SeaWolves : RHP Adam Huemmer
Batting: RHB Javier Umanzor 0-0: Called Strike
0-1: Ball
1-1: Ball
2-1: Ground out 5-3 (Groundball, 56S, EV 81.9 MPH)
Batting: RHB Christian Shearer 0-0: Called Strike
0-1: Ball
1-1: SOLO HOME RUN (Line Drive, 9D, EV 97.5 MPH), Distance : 384 ft
Batting: RHB Nazeeh Zubair 0-0: Ball
1-0: Foul Ball, location: 2F
1-1: Foul Ball, location: 2F
1-2: Ball
2-2: Ball
3-2: Foul Ball, location: 2F
3-2: Ground out 6-3 (Groundball, 6, EV 90.0 MPH)
Batting: RHB Ben Kidder 0-0: Reached on error, E5 (Groundball, 5L, EV 91.2 MPH)
Batting: RHB Phil Reeves 0-0: Ball
1-0: Ball
2-0: Foul Ball, location: 2F
2-1: Ball
3-1: Base on Balls
Ben Kidder to second
Batting: RHB Tim Osborn 0-0: Foul Ball, location: 2F
0-1: Called Strike
0-2: DOUBLE (Line Drive, 7LS, EV 89.4 MPH)
Ben Kidder scores
Phil Reeves to third
Runner from 3rd tries for Home, SAFE, throw by LF to trailing runner, SAFE at third!
Batting: LHB Jared Zulkowski 0-0: Foul Ball, location: 2F
0-1: Ball
1-1: Ball
2-1: Hit by Pitch
Batting: SHB David Stewart 0-0: Ground out 4-3 (Groundball, 4, EV 86.9 MPH)
Bottom of the 5th over - 3 runs, 2 hits, 1 error, 2 left on base; Erie 0 - Trenton 3
TOP OF THE 6TH
Erie SeaWolves batting - Pitching for Trenton Thunder : RHP Aneirin Cadwallader
Batting: RHB Carlos Armenteros 0-0: Foul Ball, location: 2F
0-1: Hit by Pitch
Batting: RHB John Evancho 0-0: Foul Ball, location: 2F
0-1: DOUBLE (Line Drive, 89D, EV 103.1 MPH)
Carlos Armenteros to third
Batting: RHB Benny O'Connor 0-0: Foul Ball, location: 2F
0-1: Foul Ball, location: 2F
0-2: Strikes out swinging
Batting: LHB Nick Nino 0-0: Ball
1-0: Fly out, F9 (Line Drive, 9D, EV 93.8 MPH)
Runner from 3rd tags up, SCORES, no throw by RF
John Evancho to third
Pitching: RHP Angel Gutierres
Batting: RHB Tanner Purchase 0-0: Ball
1-0: Fly out, F5 (Popup, 56S, EV 80.0 MPH)
Top of the 6th over - 1 run, 1 hit, 0 errors, 1 left on base; Erie 1 - Trenton 3
BOTTOM OF THE 6TH
Trenton Thunder batting - Pitching for Erie SeaWolves : RHP Adam Huemmer
Batting: SHB Houston Phillips 0-0: SINGLE (Flyball, 89S, EV 95.0 MPH)
Batting: RHB Javier Umanzor 0-0: Ball
1-0: Called Strike
1-1: Foul Ball, location: 2F
1-2: Grounds into double play, 6-4-3 (Groundball, 6, EV 82.5 MPH)
Batting: RHB Christian Shearer 0-0: Called Strike
0-1: SINGLE (Line Drive, 6MD, EV 96.9 MPH)
Batting: RHB Nazeeh Zubair 0-0: Ball
1-0: Foul Ball, location: 2F
1-1: Ball
2-1: Swinging Strike
2-2: Strikes out swinging
Bottom of the 6th over - 0 runs, 2 hits, 0 errors, 1 left on base; Erie 1 - Trenton 3
TOP OF THE 7TH
Erie SeaWolves batting - Pitching for Trenton Thunder : RHP Angel Gutierres
Pitching: LHP Jon Moore
Batting: RHB Jose Evangelista 0-0: Ball
1-0: Ball
2-0: Foul Ball, location: 2F
2-1: Ball
3-1: Base on Balls
Batting: RHB Willie Ochoa 0-0: DOUBLE (Flyball, 8RD, EV 98.8 MPH)
Jose Evangelista to third
Batting: RHB Mike Sebastian 0-0: Ball
1-0: Called Strike
1-1: Ball
2-1: Called Strike
2-2: SINGLE (Flyball, 8RM, EV 93.8 MPH)
Jose Evangelista scores
Willie Ochoa to third
Batting: RHB Eric Angelle 0-0: Called Strike
0-1: Ball
1-1: Called Strike
1-2: Foul Ball, location: 2F
1-2: Ball
Wild Pitch!
Willie Ochoa scores
Mike Sebastian to second
2-2: Ball
3-2: Foul Ball, location: 2F
3-2: Ground out 6-3 (Groundball, 6, EV 85.6 MPH)
Mike Sebastian to third
Batting: RHB Carlos Armenteros 0-0: Foul Ball, location: 2F
0-1: Called Strike
0-2: Ball
1-2: Ball
2-2: Foul Ball, location: 2F
2-2: SINGLE (Flyball, 4D, EV 91.2 MPH)
Mike Sebastian scores
Pitching: RHP David Durr
Batting: RHB John Evancho 0-0: Ball
1-0: Called Strike
1-1: 2-RUN HOME RUN (Flyball, 78XD, EV 108.1 MPH), Distance : 449 ft
Batting: RHB Benny O'Connor 0-0: Fly out, F9 (Flyball, 9, EV 79.4 MPH)
Batting: LHB Nick Nino 0-0: SINGLE (Flyball, 78S, EV 94.4 MPH)
Batting: RHB Tanner Purchase 0-0: Ball
1-0: Called Strike
1-1: Called Strike
1-2: Ball
2-2: Foul Ball, location: 2F
2-2: Foul Ball, location: 2F
2-2: Fly out, F8 (Line Drive, 78M, EV 105.6 MPH)
Top of the 7th over - 5 runs, 5 hits, 0 errors, 1 left on base; Erie 6 - Trenton 3
BOTTOM OF THE 7TH
Trenton Thunder batting - Pitching for Erie SeaWolves : RHP Adam Huemmer
Pitching: RHP Eddie Hodgson
Batting: RHB Ben Kidder 0-0: Fly out, F4 (Popup, 34D, EV 67.5 MPH)
Batting: RHB Phil Reeves 0-0: Swinging Strike
0-1: Called Strike
0-2: Foul Ball, location: 2F
0-2: Foul Ball, location: 2F
0-2: Ball
1-2: Ball
2-2: Ball
3-2: Foul Ball, location: 2F
3-2: Foul Ball, location: 2F
3-2: Hit by Pitch
Batting: RHB Tim Osborn 0-0: Called Strike
Phil Reeves steals 2nd base
0-1: Ball
1-1: Ball
2-1: Ground out 6-3 (Groundball, 6, EV 103.8 MPH)
Batting: LHB Jared Zulkowski 0-0: Swinging Strike
0-1: Ball
1-1: Swinging Strike
1-2: Ball
2-2: Strikes out swinging
Bottom of the 7th over - 0 runs, 0 hits, 0 errors, 1 left on base; Erie 6 - Trenton 3
TOP OF THE 8TH
Erie SeaWolves batting - Pitching for Trenton Thunder : RHP David Durr
Pitching: RHP Jimmy Wilder
Batting: RHB Jose Evangelista 0-0: Called Strike
0-1: DOUBLE (Line Drive, 8RXD, EV 104.4 MPH)
Batting: RHB Willie Ochoa 0-0: Called Strike
0-1: SINGLE (Groundball, 4MD, EV 105.0 MPH)
Jose Evangelista to third
Batting: RHB Mike Sebastian 0-0: Called Strike
0-1: Fly out, F7 (Line Drive, 7, EV 90.6 MPH)
Batting: RHB Eric Angelle 0-0: Called Strike
0-1: Ball
1-1: Swinging Strike
1-2: Ball
2-2: Strikes out swinging
Batting: RHB Carlos Armenteros 0-0: Ball
1-0: Ball
2-0: Ball
3-0: Called Strike
3-1: Base on Balls
Willie Ochoa to second
Batting: RHB John Evancho 0-0: Ground out 4-3 (Groundball, 4, EV 82.5 MPH)
Top of the 8th over - 0 runs, 2 hits, 0 errors, 3 left on base; Erie 6 - Trenton 3
BOTTOM OF THE 8TH
Trenton Thunder batting - Pitching for Erie SeaWolves : RHP Eddie Hodgson
Pitching: RHP Juan Cornejo
Batting: SHB David Stewart 0-0: Ball
1-0: Swinging Strike
1-1: Ball
2-1: Foul Ball, location: 2F
2-2: Ball
3-2: Strikes out swinging
Batting: SHB Houston Phillips 0-0: Called Strike
0-1: Swinging Strike
0-2: Foul Ball, location: 2F
0-2: Ball
1-2: Foul Ball, location: 2F
1-2: Strikes out swinging
Batting: RHB Javier Umanzor 0-0: Called Strike
0-1: Foul Ball, location: 2F
0-2: Strikes out swinging
Bottom of the 8th over - 0 runs, 0 hits, 0 errors, 0 left on base; Erie 6 - Trenton 3
TOP OF THE 9TH
Erie SeaWolves batting - Pitching for Trenton Thunder : RHP Jimmy Wilder
Pitching: RHP Antonio Castillo
Batting: RHB Benny O'Connor 0-0: Foul Ball, location: 2F
0-1: Swinging Strike
0-2: Ground out 5-3 (Groundball, 56, EV 107.5 MPH)
Batting: LHB Nick Nino 0-0: SINGLE (Line Drive, 8RS, EV 85.6 MPH)
Batting: RHB Tanner Purchase 0-0: Called Strike
0-1: Foul Ball, location: 2F
0-2: Ball
1-2: Foul Ball, location: 2F
1-2: SINGLE (Line Drive, 34D, EV 105.0 MPH)
Nick Nino to second
Runner from 2nd tries for 3rd, SAFE, throw by RF made to third
Batting: RHB Jose Evangelista 0-0: Called Strike
0-1: Fly out, F7 (Flyball, 7S, EV 92.5 MPH)
Batting: RHB Willie Ochoa 0-0: Foul Ball, location: 2F
0-1: Ball
1-1: Called Strike
1-2: Ball
2-2: Strikes out swinging
Top of the 9th over - 0 runs, 2 hits, 0 errors, 2 left on base; Erie 6 - Trenton 3
BOTTOM OF THE 9TH
Trenton Thunder batting - Pitching for Erie SeaWolves : RHP Juan Cornejo
Pitching: RHP Cameron Maxwell
Batting: RHB Christian Shearer 0-0: SOLO HOME RUN (Flyball, 89XD, EV 103.8 MPH), Distance : 411 ft
Batting: RHB Nazeeh Zubair 0-0: Swinging Strike
0-1: Foul Ball, location: 2F
0-2: Ball
1-2: Ground out 3-1 (Groundball, 34, EV 81.9 MPH)
Pinch Hitting: RHB Bryan Westray 0-0: Called Strike
0-1: Ball
1-1: Swinging Strike
1-2: Ball
2-2: Foul Ball, location: 2F
2-2: Foul Ball, location: 2F
2-2: Foul Ball, location: 2F
2-2: Ground out 5-3 (Groundball, 25, EV 79.4 MPH)
Batting: RHB Phil Reeves 0-0: Ball
1-0: Called Strike
1-1: Swinging Strike
1-2: Ball
2-2: DOUBLE (Groundball, 5L, EV 96.9 MPH)
Batting: RHB Tim Osborn 0-0: DOUBLE (Line Drive, 78XD, EV 100.0 MPH)
Phil Reeves scores
Batting: LHB Jared Zulkowski 0-0: Ball
1-0: Ball
2-0: Ball
3-0: Base on Balls
Batting: SHB David Stewart 0-0: Ball
1-0: Ball
2-0: Fly out, F4 (Flyball, 4D, EV 86.9 MPH)
Bottom of the 9th over - 2 runs, 3 hits, 0 errors, 2 left on base; Erie 6 - Trenton 5
Tuesday, March 28th , 2023 - OOTP Baseball 23.10 Build 110